APP
OREM OWLZ @ OAKLAND (APP) ATHLETICS
06/21/2044
 
TOP OF THE 1ST
Orem Owlz batting - Pitching for Oakland (APP) Athletics : LHP Kevin Barteaux
Pitching: LHP Kevin Barteaux
Batting: SHB Butch Brown 0-0: Ball
1-0: Ball
2-0: Swinging Strike
2-1: Ball
3-1: Swinging Strike
3-2: Strikes out looking
Batting: LHB Justin Alexander 0-0: Ball
1-0: Foul Ball, location: 2F
1-1: Called Strike
1-2: Foul Ball, location: 2F
1-2: Foul Ball, location: 2F
1-2: Strikes out looking
Batting: RHB Ryan Pelletier 0-0: Ball
1-0: Ball
2-0: Called Strike
2-1: Swinging Strike
2-2: Ground out 5-3 (Groundball, 56, EV 85.6 MPH)
Top of the 1st over - 0 runs, 0 hits, 0 errors, 0 left on base; Orem 0 - Oakland (APP) 0
BOTTOM OF THE 1ST
Oakland (APP) Athletics batting - Pitching for Orem Owlz : LHP Paul Griffin
Pitching: LHP Paul Griffin
Batting: RHB Steve Blackshear 0-0: Called Strike
0-1: Swinging Strike
0-2: Ball
1-2: Ball
2-2: Ball
3-2: Base on Balls
Batting: RHB Colin Coleman 0-0: Called Strike
0-1: Ball
1-1: Ball
2-1: Fielders Choice at 2nd, 4-6 (Groundball, 34, EV 86.3 MPH)
Batting: RHB Matt Black 0-0: Ball
1-0: Ball
2-0: Ball
3-0: Called Strike
3-1: Foul Ball, location: 2F
3-2: Ground out 4-3 (Groundball, 4M, EV 85.0 MPH)
Colin Coleman to second
Batting: RHB Josh Whaley 0-0: Foul Ball, location: 2F
0-1: Ball
1-1: Ball
2-1: Ball
3-1: Ground out 6-3 (Groundball, 6D, EV 108.8 MPH)
Bottom of the 1st over - 0 runs, 0 hits, 0 errors, 1 left on base; Orem 0 - Oakland (APP) 0
TOP OF THE 2ND
Orem Owlz batting - Pitching for Oakland (APP) Athletics : LHP Kevin Barteaux
Batting: RHB Mike Alm 0-0: Ball
1-0: Ball
2-0: Ball
3-0: Called Strike
3-1: Foul Ball, location: 2F
3-2: Fly out, F9 (Line Drive, 8RM, EV 91.9 MPH)
Batting: LHB Brett Bugge 0-0: Called Strike
0-1: Swinging Strike
0-2: Strikes out swinging
Batting: RHB Danny Bjarnson 0-0: Called Strike
0-1: Swinging Strike
0-2: Foul Ball, location: 2F
0-2: Ball
1-2: Foul Ball, location: 2F
1-2: DOUBLE (Flyball, 7LD, EV 107.5 MPH)
Batting: RHB Kinya Nishimura 0-0: Foul Ball, location: 2F
0-1: Ball
1-1: Swinging Strike
1-2: Fly out, F7 (Flyball, 7, EV 85.0 MPH)
Top of the 2nd over - 0 runs, 1 hit, 0 errors, 1 left on base; Orem 0 - Oakland (APP) 0
BOTTOM OF THE 2ND
Oakland (APP) Athletics batting - Pitching for Orem Owlz : LHP Paul Griffin
Batting: LHB Augustin Cormier 0-0: Ball
1-0: Foul Ball, location: 2F
1-1: Ball
2-1: Ball
3-1: Called Strike
3-2: Strikes out looking
Batting: RHB Chris Temple 0-0: Foul Ball, location: 2F
0-1: Foul Ball, location: 2F
0-2: Ball
1-2: Ball
2-2: Ball
3-2: Base on Balls
Batting: LHB Al Soltero 0-0: Foul Ball, location: 2F
0-1: Ball
1-1: Called Strike
1-2: Foul Ball, location: 2F
1-2: Ball
2-2: Strikes out looking
Batting: RHB Branden Mackie 0-0: Called Strike
0-1: Ball
1-1: Ball
2-1: Ball
3-1: Called Strike
3-2: SINGLE (Groundball, 4D, EV 105.6 MPH)
Chris Temple to second
Chris Temple to third
Batting: LHB Mark Friedmann 0-0: Fielders Choice at 2nd, 6-4 (Groundball, 6, EV 85.0 MPH)
Bottom of the 2nd over - 0 runs, 1 hit, 0 errors, 2 left on base; Orem 0 - Oakland (APP) 0
TOP OF THE 3RD
Orem Owlz batting - Pitching for Oakland (APP) Athletics : LHP Kevin Barteaux
Batting: LHB Nick Isaac 0-0: Ball
1-0: Called Strike
1-1: Ball
2-1: Fly out, F8 (Line Drive, 8LM, EV 90.6 MPH)
Batting: RHB Malachi Ephron 0-0: Called Strike
0-1: Ball
1-1: Foul Ball, location: 2F
1-2: Ball
2-2: Strikes out swinging
Batting: SHB Butch Brown 0-0: Ball
1-0: Foul Ball, location: 2F
1-1: Called Strike
1-2: Ball
2-2: Ball
3-2: SINGLE (Line Drive, 8LM, EV 95.6 MPH)
Batting: LHB Justin Alexander 0-0: Ball
Butch Brown steals 2nd base
1-0: Ball
Wild Pitch!
Butch Brown to third
2-0: Foul Ball, location: 2F
2-1: Ball
3-1: Base on Balls
Batting: RHB Ryan Pelletier 0-0: Ball
1-0: Ball
2-0: Called Strike
2-1: Swinging Strike
2-2: Fielders Choice at 2nd, 6-4 (Groundball, 56, EV 99.4 MPH)
Top of the 3rd over - 0 runs, 1 hit, 0 errors, 2 left on base; Orem 0 - Oakland (APP) 0
BOTTOM OF THE 3RD
Oakland (APP) Athletics batting - Pitching for Orem Owlz : LHP Paul Griffin
Batting: RHB Steve Blackshear 0-0: Ball
1-0: Called Strike
1-1: Ball
2-1: Ball
3-1: Foul Ball, location: 2F
3-2: Base on Balls
Batting: RHB Colin Coleman 0-0: Ball
1-0: Ball
2-0: Ball
3-0: Called Strike
3-1: Swinging Strike
3-2: Fly out, F4 (Popup, 34, EV 58.8 MPH)
Batting: RHB Matt Black 0-0: Called Strike
0-1: Ball
1-1: Called Strike
1-2: Ball
2-2: Strikes out swinging
Batting: RHB Josh Whaley 0-0: Ball
1-0: Foul Ball, location: 2F
1-1: Ball
2-1: Foul Ball, location: 2F
2-2: Ball
3-2: Ground out 4-3 (Groundball, 34, EV 101.3 MPH)
Bottom of the 3rd over - 0 runs, 0 hits, 0 errors, 1 left on base; Orem 0 - Oakland (APP) 0
TOP OF THE 4TH
Orem Owlz batting - Pitching for Oakland (APP) Athletics : LHP Kevin Barteaux
Batting: RHB Mike Alm 0-0: Foul Ball, location: 2F
0-1: Called Strike
0-2: Ball
1-2: TRIPLE (Line Drive, 8RXD, EV 104.4 MPH)
Batting: LHB Brett Bugge 0-0: Called Strike
0-1: Swinging Strike
0-2: Ball
1-2: Foul Ball, location: 2F
1-2: Ball
2-2: Foul Ball, location: 2F
2-2: Ball
3-2: Hit by Pitch
Batting: RHB Danny Bjarnson 0-0: Ball
1-0: Foul Ball, location: 2F
1-1: Grounds into double play, 6-4-3 (Groundball, 6, EV 86.3 MPH)
Mike Alm scores
Batting: RHB Kinya Nishimura 0-0: Ground out 5-3 (Groundball, 56, EV 95.0 MPH)
Top of the 4th over - 1 run, 1 hit, 0 errors, 0 left on base; Orem 1 - Oakland (APP) 0
BOTTOM OF THE 4TH
Oakland (APP) Athletics batting - Pitching for Orem Owlz : LHP Paul Griffin
Batting: LHB Augustin Cormier 0-0: Ball
1-0: Called Strike
1-1: Ground out 4-3 (Groundball, 34D, EV 90.0 MPH)
Batting: RHB Chris Temple 0-0: Ball
1-0: Ball
2-0: Foul Ball, location: 2F
2-1: Single, Error in OF, E8, batter to second base (Groundball, 6MD, EV 98.1 MPH)
Batting: LHB Al Soltero 0-0: Called Strike
0-1: Swinging Strike
0-2: Strikes out swinging
Batting: RHB Branden Mackie 0-0: Foul Ball, location: 2F
0-1: Ball
1-1: Fly out, F7 (Flyball, 7LM, EV 86.3 MPH)
Bottom of the 4th over - 0 runs, 1 hit, 1 error, 1 left on base; Orem 1 - Oakland (APP) 0
TOP OF THE 5TH
Orem Owlz batting - Pitching for Oakland (APP) Athletics : LHP Kevin Barteaux
Pitching: RHP A.J. Marston
Batting: LHB Nick Isaac 0-0: Called Strike
0-1: DOUBLE (Line Drive, 5D, EV 94.4 MPH)
Batting: RHB Malachi Ephron 0-0: Ball
1-0: Called Strike
1-1: Ball
2-1: Ball
3-1: Called Strike
3-2: Base on Balls
Batting: SHB Butch Brown 0-0: Fly out, F7 (Flyball, 78S, EV 86.9 MPH)
Batting: LHB Justin Alexander 0-0: Ball
1-0: Fly out, F9 (Line Drive, 9, EV 90.6 MPH)
Batting: RHB Ryan Pelletier 0-0: Called Strike
0-1: Foul Ball, location: 2F
0-2: Fielders Choice at 2nd, 6-4 (Groundball, 6, EV 88.8 MPH)
Top of the 5th over - 0 runs, 1 hit, 0 errors, 2 left on base; Orem 1 - Oakland (APP) 0
BOTTOM OF THE 5TH
Oakland (APP) Athletics batting - Pitching for Orem Owlz : LHP Paul Griffin
Batting: LHB Mark Friedmann 0-0: Called Strike
0-1: Fly out, F8 (Flyball, 8LM, EV 88.8 MPH)
Batting: RHB Steve Blackshear 0-0: SOLO HOME RUN (Flyball, 7D, EV 106.9 MPH), Distance : 416 ft
Batting: RHB Colin Coleman 0-0: Ground out U3 (Groundball, 34, EV 85.0 MPH)
Batting: RHB Matt Black 0-0: Ball
1-0: SINGLE (Line Drive, 78S, EV 107.5 MPH)
Batting: RHB Josh Whaley 0-0: Ball
1-0: Fly out, F5 (Line Drive, 5, EV 68.1 MPH)
Bottom of the 5th over - 1 run, 2 hits, 0 errors, 1 left on base; Orem 1 - Oakland (APP) 1
TOP OF THE 6TH
Orem Owlz batting - Pitching for Oakland (APP) Athletics : RHP A.J. Marston
Batting: RHB Mike Alm 0-0: Ball
1-0: Called Strike
1-1: Called Strike
1-2: Foul Ball, location: 2F
1-2: Ball
2-2: Strikes out swinging
Batting: LHB Brett Bugge 0-0: Ground out 4-3 (Groundball, 4, EV 88.1 MPH)
Batting: RHB Danny Bjarnson 0-0: Foul Ball, location: 2F
0-1: Ground out 5-3 (Groundball, 56, EV 81.3 MPH)
Top of the 6th over - 0 runs, 0 hits, 0 errors, 0 left on base; Orem 1 - Oakland (APP) 1
BOTTOM OF THE 6TH
Oakland (APP) Athletics batting - Pitching for Orem Owlz : LHP Paul Griffin
Batting: LHB Augustin Cormier 0-0: Ball
1-0: Ball
2-0: Foul Ball, location: 2F
2-1: Ball
3-1: Called Strike
3-2: Strikes out swinging
Batting: RHB Chris Temple 0-0: Called Strike
0-1: Foul Ball, location: 2F
0-2: Strikes out swinging
Batting: LHB Al Soltero 0-0: Called Strike
0-1: Called Strike
0-2: Ball
1-2: Foul Ball, location: 2F
1-2: Ball
2-2: Ball
3-2: Base on Balls
Pitching: RHP Kennie Williams
Batting: RHB Branden Mackie 0-0: Ball
1-0: Ball
2-0: Ball
3-0: Called Strike
3-1: Base on Balls
Al Soltero to second
Batting: LHB Mark Friedmann 0-0: Swinging Strike
0-1: Foul Ball, location: 2F
0-2: Foul Ball, location: 2F
0-2: Ball
1-2: Ball
2-2: Foul Ball, location: 2F
2-2: Foul Ball, location: 2F
2-2: Foul Ball, location: 2F
2-2: 3-RUN HOME RUN (Flyball, 9D, EV 98.8 MPH), Distance : 356 ft
Batting: RHB Steve Blackshear 0-0: SOLO HOME RUN (Flyball, 7D, EV 95.0 MPH), Distance : 372 ft
Pitching: RHP Danny Nava
Batting: RHB Colin Coleman 0-0: Called Strike
0-1: Fly out, F8 (Flyball, 8LD, EV 93.8 MPH)
Bottom of the 6th over - 4 runs, 2 hits, 0 errors, 0 left on base; Orem 1 - Oakland (APP) 5
TOP OF THE 7TH
Orem Owlz batting - Pitching for Oakland (APP) Athletics : RHP A.J. Marston
Batting: RHB Kinya Nishimura 0-0: Ball
1-0: Ball
2-0: Ball
3-0: Called Strike
3-1: Base on Balls
Batting: LHB Nick Isaac 0-0: Called Strike
0-1: Swinging Strike
0-2: Ball
1-2: Ball
2-2: Foul Ball, location: 2F
2-2: Strikes out swinging
Batting: RHB Malachi Ephron 0-0: Ball
1-0: Called Strike
1-1: Fly out, F8 (Flyball, 8LM, EV 96.9 MPH)
Batting: SHB Butch Brown 0-0: Foul Ball, location: 2F
0-1: DOUBLE (Line Drive, 78D, EV 111.3 MPH)
Kinya Nishimura to third
Batting: LHB Justin Alexander 0-0: Swinging Strike
0-1: Swinging Strike
0-2: Strikes out swinging
Top of the 7th over - 0 runs, 1 hit, 0 errors, 2 left on base; Orem 1 - Oakland (APP) 5
BOTTOM OF THE 7TH
Oakland (APP) Athletics batting - Pitching for Orem Owlz : RHP Danny Nava
Batting: RHB Matt Black 0-0: Ball
1-0: SINGLE (Line Drive, 6D, EV 96.9 MPH)
Batting: RHB Josh Whaley 0-0: Called Strike
0-1: Called Strike
0-2: Strikes out swinging
Batting: LHB Augustin Cormier 0-0: Called Strike
0-1: Swinging Strike
0-2: Ball
1-2: Ball
2-2: Ball
3-2: Grounds into double play, 4-6-3 (Groundball, 34D, EV 78.8 MPH)
Bottom of the 7th over - 0 runs, 1 hit, 0 errors, 0 left on base; Orem 1 - Oakland (APP) 5
TOP OF THE 8TH
Orem Owlz batting - Pitching for Oakland (APP) Athletics : RHP A.J. Marston
Pitching: RHP Victor Sanchez
Batting: RHB Ryan Pelletier 0-0: Ball
1-0: Swinging Strike
1-1: Ball
2-1: Ball
3-1: Ground out 6-3 (Groundball, 6S, EV 90.0 MPH)
Batting: RHB Mike Alm 0-0: Called Strike
0-1: Foul Ball, location: 2F
0-2: Foul Ball, location: 2F
0-2: Foul Ball, location: 2F
0-2: Ball
1-2: Strikes out looking
Batting: LHB Brett Bugge 0-0: Swinging Strike
0-1: SINGLE (Groundball, 3D, EV 105.6 MPH)
Batting: RHB Danny Bjarnson 0-0: Called Strike
0-1: Ball
1-1: Foul Ball, location: 2F
1-2: Foul Ball, location: 2F
1-2: Strikes out swinging
Top of the 8th over - 0 runs, 1 hit, 0 errors, 1 left on base; Orem 1 - Oakland (APP) 5
BOTTOM OF THE 8TH
Oakland (APP) Athletics batting - Pitching for Orem Owlz : RHP Danny Nava
Batting: RHB Chris Temple 0-0: Called Strike
0-1: Ground out 5-3 (Groundball, 5L, EV 106.9 MPH)
Batting: LHB Al Soltero 0-0: Called Strike
0-1: Ball
1-1: Ball
2-1: Ground out 4-3 (Groundball, 4, EV 80.0 MPH)
Batting: RHB Branden Mackie 0-0: Ball
1-0: Foul Ball, location: 2F
1-1: Ball
2-1: Ball
3-1: Foul Ball, location: 2F
3-2: Base on Balls
Batting: LHB Mark Friedmann 0-0: Ball
1-0: DOUBLE (Line Drive, 9LM, EV 100.0 MPH)
Branden Mackie to third
Batting: RHB Steve Blackshear 0-0: Ball
1-0: Ball
2-0: Foul Ball, location: 2F
2-1: Ball
3-1: Base on Balls
Batting: RHB Colin Coleman 0-0: Called Strike
0-1: Ground out 5-3 (Groundball, 56S, EV 57.5 MPH)
Bottom of the 8th over - 0 runs, 1 hit, 0 errors, 3 left on base; Orem 1 - Oakland (APP) 5
TOP OF THE 9TH
Orem Owlz batting - Pitching for Oakland (APP) Athletics : RHP Victor Sanchez
Batting: RHB Kinya Nishimura 0-0: Called Strike
0-1: Called Strike
0-2: Strikes out swinging
Batting: LHB Nick Isaac 0-0: Ball
1-0: Called Strike
1-1: Ball
2-1: Foul Ball, location: 2F
2-2: Ground out U3 (Groundball, 3, EV 92.5 MPH)
Batting: RHB Malachi Ephron 0-0: Ball
1-0: Called Strike
1-1: Foul Ball, location: 2F
1-2: Fly out, F3 (Popup, 3SF, EV 73.1 MPH)
Top of the 9th over - 0 runs, 0 hits, 0 errors, 0 left on base; Orem 1 - Oakland (APP) 5
Thursday, March 31st , 2022 - OOTP Baseball 22.12 Build 89